[Event "Late-Titled-Tuesday-Blitz-June-18-2024"]
[Site "Chess.com"]
[Date "2024.06.18"]
[Round "11"]
[White "SocoLoco"]
[Black "KebabJangles"]
[Result "1-0"]
[WhiteElo "2179"]
[BlackElo "2273"]
[TimeControl "180+1"]
[EndTime "16:06:20 PDT"]
[Termination "SocoLoco won by checkmate"]

1. e4 c5 2. Nc3 e6 3. d3 d5 4. Bd2 d4 5. Nce2 Nc6 6. g3 f5 7.
Bg2 Nf6 8. f3 Bd6 9. Nh3 O-O 10.
O-O fxe4 11. dxe4 e5 12. f4 Bxh3 13. Bxh3 Nxe4 14. Bg2 Nxd2 15. Qxd2 exf4 16. Nxf4 Bxf4 17. Rxf4 Rxf4 18. Qxf4 Qd7 19. Rf1 h6 20. Be4 Re8 21. Bg6 Rd8 22. Qe4 Qe7 23. Qf5 Rf8 24. Bh7+ Kh8 25. Qxf8+ Qxf8 26. Rxf8+ Kxh7 27. Rc8 c4 28. Kf1 Na5 29. Rc7 a6 30. Ke1 Kg6 31. Kd2 Kf6 32. b4 cxb3 33. axb3 b5 34. Kd3 g5 35. Kxd4 Kf5 36.
Rh7 Kg6 37. Rh8 Nc6+ 38. Kc5 Ne5 39. Kb6 Nf3 40. Kxa6 Nd4 41. Kb6 Nxc2 42. Kxb5 Nd4+ 43. Kc4 Nf3 44. b4 Nxh2 45. b5 Nf3 46. b6 Ne5+ 47.
Kd5 Nd7 48. Kc6 Nxb6 49. Kxb6 h5 50. Kc5 Kf5 51. Kd4 Kg4 52. Ke3 Kxg3 53. Rxh5 g4 54. Ke2 Kg2 55. Ke1 g3 56. Rh4 Kg1 57. Rh8 Kg2 58.
Rg8 Kh2 59. Kf1 Kh3 60. Kg1 Kh4 61. Kg2 Kh5 62. Rxg3 Kh6 63. Kf3 Kh7 64. Kf4 Kh6 65. Kf5 Kh7 66. Rg2 Kh6 67. Rg1 Kh7 68. Kf6 Kh6 69.
Rh1# 1-0

[Event "Late-Titled-Tuesday-Blitz-June-18-2024"]
[Site "Chess.com"]
[Date "2024.06.18"]
[Round "11"]
[White "vi_pranav"]
[Black "K_A_S_T_O_R"]
[Result "0-1"]
[WhiteElo "3017"]
[BlackElo "2869"]
[TimeControl "180+1"]
[EndTime "16:06:25 PDT"]
[Termination "K_A_S_T_O_R won by checkmate"]

1. Nf3 c5 2. g3 b6 3. Bg2 Bb7 4. O-O Nf6 5. d3 e6 6. e4 d6 7. Nh4 Qc7 8. Nc3 a6 9. f4 Be7 10. Be3 d5 11. Bf2 dxe4 12. dxe4 Nc6 13. e5 Rd8 14.
Qe2 Nd7 15. Qg4 g6 16. Be3 h5 17. Qf3 Bxh4 18. gxh4 Na5 19. Qe2 Bxg2 20. Qxg2 Nc4 21. Bc1 O-O 22. b3 Na5 23. Ne4 Nc6 24. Bb2 Ne7 25.
Rad1 Nf5 26. Qg5 Kg7 27. Rd3 c4 28. bxc4 Nc5 29. Rxd8 Rxd8 30. Nf6 Kf8 31. Bc3 a5 32. Qg2 Nd7 33. Ne4 Qxc4 34. Re1 Nc5 35. Bb2 Nxe4 36. Qxe4 Qc5+ 37. Kh1 Rd2 38. Re2 Rd1+ 39. Kg2 Qg1+ 40. Kh3 Qg4# 0-1

[Event "Late-Titled-Tuesday-Blitz-June-18-2024"]
[Site "Chess.com"]
[Date "2024.06.18"]
[Round "11"]
[White "aranibos"]
[Black "JAN2404"]
[Result "1-0"]
[WhiteElo "2264"]
[BlackElo "2086"]
[TimeControl "180+1"]
[EndTime "16:06:27 PDT"]
[Termination "aranibos won by checkmate"]

1. Nf3 c5 2. g3 g6 3. Bg2 Bg7 4.
O-O Nf6 5. c4 O-O 6. Nc3 Nc6 7.
d4 cxd4 8. Nxd4 Nxd4 9. Qxd4 d6 10. Qd3 a6 11. e4 Qc7 12. h3 Be6 13. b3 Rac8 14.
Bb2 Nd7 15. Rab1 Qa5 16. Nd5 Bxd5 17. Bxg7 Kxg7 18. exd5 Qxa2 19. Qc3+ Nf6 20. Ra1 Qe2 21. Rfe1 Qh5 22. Rxe7 Rb8 23. f4 Rfe8 24. Rxe8 Rxe8 25.
g4 Qh4 26. g5 Re2 27. Qxf6+ Kg8 28. Kh2 Qf2 29. Rg1 Re3 30. Qxd6 Qg3+ 31. Kh1 Qh4 32.
Qd8+ Kg7 33. Qf6+ Kg8 34. Qb2 Qxf4 35. Rf1 Qxg5 36. d6 Rd3 37. Qf6 Qh6 38. Qxf7+ Kh8 39. Qe8+ Kg7 40. Qf8# 1-0

[Event "Late-Titled-Tuesday-Blitz-June-18-2024"]
[Site "Chess.com"]
[Date "2024.06.18"]
[Round "11"]
[White "Navyblue1"]
[Black "AlphaPerseii"]
[Result "0-1"]
[WhiteElo "2166"]
[BlackElo "2382"]
[TimeControl "180+1"]
[EndTime "16:06:27 PDT"]
[Termination "AlphaPerseii won on time"]

1. d4 Nf6 2. c4 e6 3. Nf3 d5 4. Nc3 a6 5. cxd5 exd5 6. Bg5 Be6 7.
e3 Nbd7 8. Bd3 Bd6 9. h3 h6 10. Bxf6 Nxf6 11. O-O O-O 12. a3 Re8 13. b4 Qd7 14.
Ne2 Ne4 15. Bxe4 dxe4 16. Ne5 Qd8 17. Nf4 Bf5 18. Nc4 Bxf4 19. exf4 Qf6 20. Ne3 Rad8 21. Nxf5 Qxf5 22. Qd2 Rd5 23. Rad1 Red8 24. Qe3 Qg6 25. Rfe1 f5 26. Rd2 Qf6 27. Red1 g5 28. fxg5 hxg5 29. Qc3 R8d7 30. Qe3 Kg7 31. Rc2 c6 32. Rcd2 Re7 33.
Qe2 Kg6 34. a4 Red7 35. b5 axb5 36. axb5 Rxb5 37. Qc4 Qf7 38. Qa4 Rbd5 39. Qb4 Qe7 40. Qa4 Qf6 0-1

[Event "Late-Titled-Tuesday-Blitz-June-18-2024"]
[Site "Chess.com"]
[Date "2024.06.18"]
[Round "11"]
[White "KarlEmilElmer"]
[Black "patzer-reloaded"]
[Result "1-0"]
[WhiteElo "2301"]
[BlackElo "2433"]
[TimeControl "180+1"]
[EndTime "16:06:28 PDT"]
[Termination "KarlEmilElmer won by resignation"]

1. d4 d6 2. e4 Nf6 3. Nc3 g6 4. Be3 Bg7 5. Qd2 O-O 6. f3 e5 7. O-O-O Nc6 8. d5 Ne7 9. Bh6 Bd7 10. h4 Nh5 11. g4 Nf4 12. Bxg7 Kxg7 13. Nge2 Nxe2+ 14. Bxe2 h6 15. Rdf1 f6 16. f4 c6 17. g5 fxg5 18. hxg5 h5 19. fxe5 dxe5 20. Rf6 Ng8 21. Rd6 Qe7 22. dxc6 Bxc6 23. Rd1 Rf4 24.
Qe3 Qxg5 25. Kb1 Rg4 26. Qc5 Rg3 27. Bb5 Bxb5 28. Qxb5 Kh6 29. Qxb7 Rg1 30. Qxa8 Rxd1+ 31. Rxd1 h4 32. Qf8+ Kh7 33. Qf7+ Kh8 34. Nd5 h3 35. Rh1 Qh6 36. Qf3 g5 37. Rxh3 1-0

[Event "Late-Titled-Tuesday-Blitz-June-18-2024"]
[Site "Chess.com"]
[Date "2024.06.18"]
[Round "11"]
[White "MaestroCheck"]
[Black "Individoom"]
[Result "0-1"]
[WhiteElo "2624"]
[BlackElo "2789"]
[TimeControl "180+1"]
[EndTime "16:06:31 PDT"]
[Termination "Individoom won by checkmate"]

1. e4 c5 2. Nc3 Nc6 3. Bb5 g6 4. Bxc6 dxc6 5. d3 Bg7 6. Be3 b6 7. Qd2 e5 8. f4 Nf6 9. h3 exf4 10. Bxf4 Nh5 11. Bg5 Qd6 12. Nge2 h6 13. Be3 g5 14. O-O-O Be6 15. g4 Ng3 16. Nxg3 Qxg3 17. Rdg1 Qd6 18. h4 f6 19. hxg5 fxg5 20. Ne2 O-O-O 21. Qe1 Qe5 22. Qc3 Qc7 23. Qe1 Bxa2 24. Bd2 Be6 25. Bc3 Be5 26. Bxe5 Qxe5 27. Qg3 Qxg3 28. Rxg3 Rdf8 29.
Rh2 a5 30. Kd2 a4 31. d4 c4 32. Nc3 b5 33. d5 Bd7 34. e5 cxd5 35. Nxd5 Kb7 36.
Nf6 Be6 37. Rgh3 Rd8+ 38. Kc1 Rd4 39. Rxh6 Rhd8 40. c3 Rd1+ 41. Kc2 Re1 42. Nh7 Rxe5 43. Nxg5 Bxg4 44. Rh7+ Kb8 45. Rh8 Bf5+ 46. Kc1 Re1# 0-1

[Event "Late-Titled-Tuesday-Blitz-June-18-2024"]
[Site "Chess.com"]
[Date "2024.06.18"]
[Round "11"]
[White "chess94cu"]
[Black "monomita"]
[Result "0-1"]
[WhiteElo "2641"]
[BlackElo "2768"]
[TimeControl "180+1"]
[EndTime "16:06:32 PDT"]
[Termination "monomita won by resignation"]

1. d4 e6 2. c4 Nf6 3. Nc3 Bb4 4. e3 c5 5. Bd3 O-O 6. Ne2 d5 7. cxd5 cxd4 8. exd4 exd5 9. O-O h6 10. h3 Nc6 11. Bf4 Re8 12. Rc1 Bd6 13. Qd2 Ne4 14.
Bxe4 dxe4 15. Rfe1 Bb4 16. a3 Bxc3 17. bxc3 Na5 18. d5 Nb3 19. Qa2 Nxc1 20. Rxc1 b5 21.
Rd1 Bb7 22. d6 Qf6 23. Bg3 Rad8 24. a4 e3 25. Nd4 exf2+ 26. Qxf2 Qxf2+ 27. Bxf2 bxa4 28.
Nf5 Re5 29. g4 Ra5 30. c4 a3 31. c5 a2 32. Bd4 f6 33. Kf2 Kf7 34. Ne7 Ra4 35. Ba1 Rc4 36. Rd2 Rxc5 37. Rxa2 Rxd6 38. Rxa7 Rc2+ 39. Ke3 Re6+ 40. Kd3 Be4+ 41. Kd4 Rxe7 42. Rxe7+ Kxe7 43. Kxe4 Rh2 44. Bd4 Rxh3 45. Kf5 Kf7 46.
Kf4 h5 47. gxh5 Rh4+ 48. Ke3 Rxh5 49. Kf3 Rh4 50. Bf2 Ra4 51. Bb6 g5 52. Bc5 Kg6 0-1

[Event "Late-Titled-Tuesday-Blitz-June-18-2024"]
[Site "Chess.com"]
[Date "2024.06.18"]
[Round "11"]
[White "djano"]
[Black "pirulillo"]
[Result "1-0"]
[WhiteElo "2591"]
[BlackElo "2421"]
[TimeControl "180+1"]
[EndTime "16:06:34 PDT"]
[Termination "djano won by resignation"]

1. e4 c5 2. Nc3 e6 3. d4 cxd4 4. Qxd4 Nc6 5. Qd3 a6 6. Bf4 Bb4 7. O-O-O Qa5 8. Bd2 Nf6 9. Kb1 b5 10. Nf3 d6 11. a3 Bc5 12. e5 dxe5 13. Ne4 Qb6 14.
Nd6+ Bxd6 15. Qxd6 Bd7 16. Nxe5 Qb8 17. Qxb8+ Rxb8 18. Bc3 Nd5 19. Nxd7 Nxc3+ 20. bxc3 Rd8 21. Rd6 Nb8 22. Nxb8 Rxd6 23. Nxa6 Rd1+ 24. Kb2 Ke7 25. g3 Kd6 26. Bg2 Rxh1 27. Bxh1 e5 28. Kb3 f5 29.
Kb4 e4 30. Kxb5 Rc8 31. c4 Ke5 32. c3 g5 33. c5 Kd5 34. c4+ Kd4 35. c6 f4 36. c7 e3 37. fxe3+ fxe3 38. Bf3 Kd3 39. c5 e2 40. Bxe2+ Kxe2 41. Kb6 Kf2 42. Kb7 Rg8 43.
c8=Q Rxc8 44. Kxc8 Kg2 45. c6 Kxh2 46. c7 Kxg3 47. Kb7 h5 48. c8=Q h4 49. Qf5 g4 50.
Nc5 h3 51. Ne4+ Kg2 52. Qxg4+ 1-0

[Event "Late-Titled-Tuesday-Blitz-June-18-2024"]
[Site "Chess.com"]
[Date "2024.06.18"]
[Round "11"]
[White "stollenmonster"]
[Black "JG1me"]
[Result "0-1"]
[WhiteElo "2862"]
[BlackElo "2596"]
[TimeControl "180+1"]
[EndTime "16:06:37 PDT"]
[Termination "JG1me won by resignation"]

1. e4 c6 2. d4 d5 3. e5 Bf5 4.
Ne2 e6 5. Ng3 Bg6 6. h4 h6 7. h5 Bh7 8. Bd3 Bxd3 9. cxd3 Nd7 10.
Be3 Qb6 11. O-O Qxb2 12. Nd2 Qa3 13. Rb1 O-O-O 14. Rb3 Qa6 15. Qg4 Ne7 16. f4 g6 17.
hxg6 fxg6 18. Qxe6 h5 19. f5 gxf5 20. Nxf5 Nxf5 21.
Rxf5 Ba3 22. Rf7 Bc1 23. Rc3 Bxd2 24. Bxd2 Qxa2 25. Rxc6+ bxc6 26. Qxc6+ Kb8 27. Bf4 Qb1+ 28. Kh2 Qb7 29. e6+ Ka8 30. Qc2 Rhe8 31. Qe2 Qc6 32. e7 Rc8 33. Bg5 Qg6 34. Qf3 Qxg5 35. Rf5 Qg6 36. Rxd5 Qc6 37. Rxd7 Qxf3 38. gxf3 a5 39.
d5 a4 40. d6 a3 41. Kh3 a2 42. Rc7 Rxc7 43. dxc7 a1=Q 0-1

[Event "Late-Titled-Tuesday-Blitz-June-18-2024"]
[Site "Chess.com"]
[Date "2024.06.18"]
[Round "11"]
[White "xasid81"]
[Black "ellatambien"]
[Result "1-0"]
[WhiteElo "2589"]
[BlackElo "2693"]
[TimeControl "180+1"]
[EndTime "16:06:39 PDT"]
[Termination "xasid81 won by resignation"]

1. e4 e5 2. Nf3 Nc6 3. g3 Bc5 4.
Bg2 d6 5. O-O Nf6 6. d3 O-O 7. c3 a5 8. Qe2 h6 9. Be3 Bxe3 10.
fxe3 Ne7 11. Nh4 Ng6 12. Nxg6 fxg6 13. Nd2 Be6 14. d4 Kh7 15. a4 Qd7 16. Qb5 c6 17. Qd3 Rf7 18. Nc4 Bxc4 19. Qxc4 Raf8 20. Rad1 Qg4 21.
Bf3 Qg5 22. Qe2 h5 23. h4 Qxg3+ 24. Qg2 Qxh4 25. Be2 Qxe4 26. Rf3 Ng4 27. Rxf7 Qxg2+ 28. Kxg2 Rxf7 29. Bxg4 hxg4 30. dxe5 dxe5 31. Rh1+ Kg8 32.
Rd1 Rf3 33. Rd8+ Kf7 34. Rd7+ Kf6 35. Rxb7 Rxe3 36. Rb6 Kf5 37. b4 Rxc3 38. bxa5 Ra3 39. Rb4 c5 40. Rc4 Rd3 41. Rxc5 Rd4 42. Rc7 Rxa4 43.
Rf7+ Ke4 44. Rxg7 Rxa5 45. Rxg6 Kf5 46. Rg8 Ra2+ 47. Kg3 Ra3+ 48. Kg2 Kf4 49. Rf8+ Ke4 50.
Rg8 g3 51. Re8 Kf4 52. Rf8+ Ke3 53. Rf3+ 1-0

[Event "Late-Titled-Tuesday-Blitz-June-18-2024"]
[Site "Chess.com"]
[Date "2024.06.18"]
[Round "11"]
[White "HansOnTwitch"]
[Black "SchmakAttack"]
[Result "1-0"]
[WhiteElo "3129"]
[BlackElo "2848"]
[TimeControl "180+1"]
[EndTime "16:06:40 PDT"]
[Termination "HansOnTwitch won on time"]

1. e4 c5 2. Nf3 Nc6 3. Bb5 Nf6 4.
Nc3 Qc7 5. O-O e5 6. Bc4 d6 7. Ng5 Nd8 8. d3 h6 9. Nf3 Nc6 10. Ne1 a6 11. a4 Be7 12. f4 exf4 13. Bxf4 Ne5 14. Nd5 Nxd5 15. Bxd5 O-O 16. Bxe5 dxe5 17. Qh5 Be6 18. Nf3 Bf6 19. c4 Bxd5 20. exd5 Rae8 21. Rae1 Qa5 22. Re4 Qxa4 23. Nxe5 Bxe5 24. Rxe5 f6 25. Re6 Rxe6 26. dxe6 Qe8 27. Qf5 Qe7 28. Re1 Rd8 29. h3 b6 30. Re3 Rd6 31. Qe4 Kh8 32. Kf1 b5 33. Kg1 bxc4 34. Qxc4 Rb6 35. b3 1-0

[Event "Late-Titled-Tuesday-Blitz-June-18-2024"]
[Site "Chess.com"]
[Date "2024.06.18"]
[Round "11"]
[White "Grischuk"]
[Black "Losingexperience"]
[Result "1-0"]
[WhiteElo "3113"]
[BlackElo "2751"]
[TimeControl "180+1"]
[EndTime "16:06:41 PDT"]
[Termination "Grischuk won by resignation"]

1. d4 Nf6 2. c4 e6 3. Bg5 c5 4. d5 Qb6 5. Nc3 h6 6. Bxf6 gxf6 7.
Qd2 f5 8. e3 Bg7 9. Nge2 d6 10.
Nf4 e5 11. Nh5 O-O 12. Be2 Nd7 13. g4 fxg4 14. Bxg4 f5 15. Bh3 Nf6 16. Nxg7 Kxg7 17. Rg1+ Kh7 18. O-O-O Bd7 19. Qc2 e4 20. f3 Rae8 21.
Rdf1 Qb4 22. fxe4 Qxc4 23. Bxf5+ Bxf5 24. Rxf5 Kh8 25. a4 Nh7 26. Rxf8+ Rxf8 27. Qg2 Ng5 28. h4 Qd3 29. hxg5 Qxe3+ 30. Kb1 Rf2 31. Qh1 Qd3+ 32.
Ka1 Qc2 33. Qxh6+ Kg8 34. Qg6+ Kf8 35. Qxd6+ Kg8 36. Qb8+ Kg7 37. Qxb7+ Kg8 38. g6 1-0

[Event "Late-Titled-Tuesday-Blitz-June-18-2024"]
[Site "Chess.com"]
[Date "2024.06.18"]
[Round "11"]
[White "reevecanada"]
[Black "topin8"]
[Result "1-0"]
[WhiteElo "2628"]
[BlackElo "2533"]
[TimeControl "180+1"]
[EndTime "16:06:41 PDT"]
[Termination "reevecanada won on time"]

1. e4 e5 2. Nf3 Nc6 3. d4 exd4 4.
Nxd4 Nf6 5. Nxc6 bxc6 6. Nd2 Bc5 7. Be2 O-O 8. e5 Nd5 9. Nb3 Be7 10. c4 Nb6 11. c5 Nd5 12. Bf3 d6 13. exd6 cxd6 14. cxd6 Bxd6 15. O-O Qf6 16. Bxd5 cxd5 17. Qxd5 Ba6 18.
Rd1 Rad8 19. Bg5 Bxh2+ 20. Kxh2 Rxd5 21. Bxf6 Rh5+ 22. Kg1 gxf6 23. Rd6 Bc4 24. Rxf6 Rb8 25. Nd2 Be6 26. b3 a5 27. Rf3 Rd8 28. Ne4 Re5 29. Re1 Kg7 30. Rg3+ Kf8 31. Rge3 Rd4 32. f4 Rh5 33. Ng5 Bd5 34. Re5 Rd2 35. R1e2 Rxe2 36.
Rxe2 h6 37. Ne4 Bxe4 38. Rxe4 Rc5 39. Rc4 Rd5 40. Ra4 Kg7 41. g4 h5 42. gxh5 Kh6 43. Kg2 Kxh5 44. Kf3 f5 45. Ke3 Kg4 46. a3 Kg3 47. Rc4 Rb5 48. Rc3 Rd5 49. b4 axb4 50.
axb4 Rb5 51. Rb3 Rd5 52. b5 Rd8 53. b6 Re8+ 54. Kd4+ Kxf4 55. b7 Rd8+ 56. Kc5 Kg4 57. b8=Q Rxb8 58. Rxb8 f4 59. Kd4 f3 60. Ke3 f2 61.
Kxf2 1-0

[Event "Late-Titled-Tuesday-Blitz-June-18-2024"]
[Site "Chess.com"]
[Date "2024.06.18"]
[Round "11"]
[White "ManMish2"]
[Black "talaicito"]
[Result "0-1"]
[WhiteElo "2619"]
[BlackElo "2349"]
[TimeControl "180+1"]
[EndTime "16:06:41 PDT"]
[Termination "talaicito won by resignation"]

1. e4 c5 2. c3 d5 3. exd5 Qxd5 4. Nf3 Nf6 5. Na3 e6 6. d4 Be7 7. Be3 cxd4 8. Nb5 Qd8 9. Qxd4 Nc6 10. Qxd8+ Bxd8 11. Nd6+ Ke7 12. Bc5 Nd7 13. Ba3 Kf6 14. O-O-O Nde5 15. Nxe5 Nxe5 16. f4 Ng4 17. Ne4+ Kg6 18.
h3 Ne3 19. Re1 Bb6 20. Bd3 f5 21. Ng5 h6 22. Nf3 Nd5 23. Ne5+ Kf6 24. Rhf1 Rd8 25.
g3 Bc7 26. Rf3 a6 27. Kc2 b5 28. b3 Bb7 29. Bb2 Rac8 30. Rf2 Nb4+ 31. Kd2 Nxd3 32. Nxd3 Be4 33. Re3 Bb6 34. c4+ Kf7 35. Rfe2 Bxe3+ 36. Rxe3 bxc4 37. bxc4 Rxc4 38. g4 Rc6 39. Ke2 Bxd3+ 40. Rxd3 Rc2+ 41. Ke3 Rxd3+ 42. Kxd3 Rxb2 0-1

[Event "Late-Titled-Tuesday-Blitz-June-18-2024"]
[Site "Chess.com"]
[Date "2024.06.18"]
[Round "11"]
[White "TigrVShlyape"]
[Black "nihalsarin"]
[Result "1-0"]
[WhiteElo "3025"]
[BlackElo "3186"]
[TimeControl "180+1"]
[EndTime "16:06:43 PDT"]
[Termination "TigrVShlyape won by resignation"]

1. d4 Nf6 2. Bf4 d6 3. e3 Nbd7 4. Nf3 c5 5. h3 g6 6. c3 Bg7 7.
Nbd2 O-O 8. Bc4 cxd4 9. cxd4 Nb6 10. Be2 Bf5 11. O-O Rc8 12. Qb3 Qd7 13. Rfc1 Be6 14. Qa3 a6 15. e4 Rxc1+ 16. Rxc1 Rc8 17. b3 Rxc1+ 18. Qxc1 d5 19. e5 Ne4 20. Be3 Nxd2 21.
Bxd2 Nc8 22. Ng5 Bh6 23. Be3 Na7 24. Nxe6 Bxe3 25. fxe3 fxe6 26. Qc5 Nc6 27. b4 Nd8 28. b5 Kf7 29. a4 Kg7 30. a5 Nf7 31. h4 axb5 32. Bxb5 Qd8 33. Be2 Qd7 34. Qb6 Qc8 35. Kf2 h5 36. Qc5 Qxc5 37. dxc5 Nxe5 38. Bb5 Ng4+ 39. Ke2 Nf6 40. c6 bxc6 41. a6 Nd7 42.
Bxc6 Nb6 43. a7 Kf6 44. Kd3 Ke5 45. Be8 Kd6 46. Bxg6 e5 47. Bxh5 e4+ 48. Ke2 Kc7 49. Bf7 e5 50. h5 d4 51. h6 d3+ 52. Kd2 1-0

[Event "Late-Titled-Tuesday-Blitz-June-18-2024"]
[Site "Chess.com"]
[Date "2024.06.18"]
[Round "11"]
[White "Viktor_Poddubnyi"]
[Black "pinelone"]
[Result "1-0"]
[WhiteElo "2349"]
[BlackElo "2432"]
[TimeControl "180+1"]
[EndTime "16:06:44 PDT"]
[Termination "Viktor_Poddubnyi won on time"]

1. e4 c6 2. d4 d5 3. exd5 cxd5 4.
c4 Nf6 5. Nc3 Nc6 6. Bg5 dxc4 7.
Bxc4 h6 8. Be3 e6 9. Nf3 Bd6 10. O-O O-O 11. Qd2 Ne7 12. Rfd1 b6 13. Nb5 Bb7 14.
Nxd6 Bxf3 15. Nxf7 Rxf7 16. gxf3 Nfd5 17. Kh1 Nf5 18. Rg1 Qh4 19. Bxd5 exd5 20. Bf4 Qh3 21. Qd3 Raf8 22. Be5 Qh5 23. Rg4 Nh4 24. Rag1 g5 25.
f4 Rf5 26. Qb3 Nf3 27. Qxd5+ R5f7 28. Qxf3 Qg6 29. Qd5 Qh5 30. fxg5 Qh3 31. g6 1-0

[Event "Late-Titled-Tuesday-Blitz-June-18-2024"]
[Site "Chess.com"]
[Date "2024.06.18"]
[Round "11"]
[White "Mysterio47"]
[Black "farzadbfd"]
[Result "1-0"]
[WhiteElo "2833"]
[BlackElo "2707"]
[TimeControl "180+1"]
[EndTime "16:06:46 PDT"]
[Termination "Mysterio47 won by resignation"]

1. e4 e5 2. Nf3 Nc6 3. Bc4 Bc5 4. c3 Nf6 5. d3 a6 6. O-O h6 7. d4 Bd6 8. Re1 O-O 9. Nbd2 Re8 10. d5 Ne7 11. Bd3 Ng6 12. Nc4 Bf8 13. h3 d6 14. a4 Nh5 15. Bf1 Nhf4 16. a5 Qf6 17. Kh2 Qd8 18. g3 Nh5 19. Bg2 Nf6 20. b4 Nh7 21.
Ne3 Ne7 22. Qc2 g6 23. Nh4 Bg7 24. c4 Bf6 25. Nf3 Bg7 26. Bb2 f5 27. Nh4 f4 28.
gxf4 exf4 29. Bxg7 Kxg7 30. Qc3+ Nf6 31. Nc2 g5 32. Nf3 Ng6 33. e5 dxe5 34. Nxe5 Nh4 35. Nd4 Qd6 36. Ndf3 Nxf3+ 37. Bxf3 Bf5 38. c5 Qf8 39.
Rad1 Rad8 40. Bh5 Re7 41. d6 cxd6 42. cxd6 Re6 43. Nf7 Rd7 44. Re5 Rxe5 45. Qxe5 Bg6 46. Nxg5 Bxh5 47. Ne6+ Kf7 48. Nxf8 1-0

[Event "Late-Titled-Tuesday-Blitz-June-18-2024"]
[Site "Chess.com"]
[Date "2024.06.18"]
[Round "11"]
[White "mostafa_sakha"]
[Black "newyorkmouse"]
[Result "0-1"]
[WhiteElo "2448"]
[BlackElo "2606"]
[TimeControl "180+1"]
[EndTime "16:06:48 PDT"]
[Termination "newyorkmouse won on time"]

1. d4 Nf6 2. c4 c5 3. d5 e6 4. Nc3 exd5 5. cxd5 d6 6. e4 g6 7. Nge2 h5 8. Bg5 Bg7 9. Qd2 a6 10. a4 Nbd7 11. h4 O-O 12. Ng3 Qa5 13. Be2 b5 14. O-O b4 15. Nd1 Ne5 16. f3 Re8 17. Ne3 Bd7 18. Nc4 Nxc4 19. Bxc4 Nh7 20. Bh6 Bf6 21. Bg5 Bg7 22. Bf4 Qd8 23. Bxd6 Bd4+ 24. Rf2 Qxh4 25. Nh1 Qf6 26. Bf4 Bxf2+ 27. Nxf2 h4 28. e5 Rxe5 29.
Bxe5 Qxe5 30. Re1 Qd6 31. Ne4 Qf8 32. d6 h3 33. g4 Re8 34. Nxc5 Rxe1+ 35. Qxe1 Qxd6 36.
Ne4 Qf4 37. Qd2 Qxf3 0-1

[Event "Late-Titled-Tuesday-Blitz-June-18-2024"]
[Site "Chess.com"]
[Date "2024.06.18"]
[Round "11"]
[White "harshu27"]
[Black "Chaubunagungamaug1"]
[Result "0-1"]
[WhiteElo "2550"]
[BlackElo "2484"]
[TimeControl "180+1"]
[EndTime "16:06:48 PDT"]
[Termination "Chaubunagungamaug1 won on time"]

1. d4 d5 2. Bf4 Nf6 3. Nf3 c5 4. e3 Nc6 5. Nbd2 Qb6 6. dxc5 Qxb2 7. Rb1 Qc3 8. Bb5 e6 9. O-O Be7 10. e4 O-O 11. e5 Nd7 12. Nb3 Qb4 13. Nbd4 Qxc5 14.
c3 a6 15. Bd3 h6 16. Be3 Nxd4 17. cxd4 Qa5 18. Nd2 b5 19. Qh5 Qc3 20. Rb3 Qc7 21. Bxh6 f5 22. exf6 Nxf6 23. Qg6 Bd6 24. Bg5 Bd7 25. Nf3 Be8 26. Bxf6 Bxg6 27. Be5 Bxe5 28. Nxe5 Bxd3 29. Rxd3 b4 30. Rg3 Rac8 31. h3 a5 32. Kh2 a4 33. f4 Qc2 34. Rff3 Qxa2 35. Rg4 Rc7 36. Rfg3 b3 37. h4 b2 0-1

[Event "Late-Titled-Tuesday-Blitz-June-18-2024"]
[Site "Chess.com"]
[Date "2024.06.18"]
[Round "11"]
[White "Zampronha1971"]
[Black "DryCounty"]
[Result "0-1"]
[WhiteElo "2434"]
[BlackElo "2670"]
[TimeControl "180+1"]
[EndTime "16:06:49 PDT"]
[Termination "DryCounty won by checkmate"]

1. e4 c5 2. Nf3 d6 3. d4 cxd4 4. Nxd4 Nf6 5. Nc3 Nc6 6. Bg5 e6 7. Qd2 Be7 8. O-O-O O-O 9. f4 h6 10. h4 Qb6 11. Nb3 Rd8 12. Bxf6 Bxf6 13. g4 a5 14. g5 Bxc3 15. Qxc3 a4 16. gxh6 e5 17. fxe5 dxe5 18. Rxd8+ Qxd8 19. Nc5 Qf6 20. hxg7 a3 21. b3 Bg4 22.
Bb5 Nd4 23. Bc4 Rc8 24. Qb4 b5 25. Bd3 Qd6 26. h5 Rxc5 27. h6 Kh7 28. Qd2 Rxc2+ 29.
Bxc2 Ne2+ 30. Kd1 Ng3+ 31. Kc1 Qxd2+ 32. Kxd2 Nxh1 33. Bd3 b4 34. Bc4 Be6 35. Bxe6 fxe6 36. Kd3 Ng3 37. Kc4 Nxe4 38. Kxb4 Nf6 39. Kxa3 Kxh6 40. Kb2 Kxg7 41. a4 Nd5 42. a5 Kf6 43. Ka3 e4 44. b4 e3 45. b5 e2 46. b6 e1=Q 47. Ka4 Qb4# 0-1

[Event "Late-Titled-Tuesday-Blitz-June-18-2024"]
[Site "Chess.com"]
[Date "2024.06.18"]
[Round "11"]
[White "MarceloPlaya"]
[Black "CombativeWombat"]
[Result "0-1"]
[WhiteElo "2400"]
[BlackElo "2312"]
[TimeControl "180+1"]
[EndTime "16:06:49 PDT"]
[Termination "CombativeWombat won on time"]

1. e4 e5 2. Nf3 Nc6 3. d4 exd4 4. Bc4 Nf6 5. Ng5 d5 6. exd5 Bb4+ 7. c3 Qe7+ 8. Be2 Nxd5 9. cxb4 Bf5 10. O-O O-O-O 11. Bd3 Bg6 12. b5 Ne5 13. Re1 Ne3 14. fxe3 Nxd3 15.
Nf3 Nxe1 16. Qxe1 Rhe8 17. Qa5 dxe3 18. Nc3 Qc5 19. Qa3 Qxa3 20. bxa3 Rd3 21. Bb2 f5 22. Kf1 Bh5 23. Re1 Bxf3 24. gxf3 Rd2 25. Re2 f4 26.
Bc1 Rxe2 27. Nxe2 Re5 28. Nxf4 Rxb5 29. Ke2 Rb1 30. Bxe3 Ra1 31. Bd4 Rxa2+ 32. Kf1 Rxa3 33. Kf2 Ra2+ 34. Kg3 g6 35. Nd5 a5 36. Nf6 h6 37.
Ng8 Kd7 38. Nxh6 a4 39. Nf7 Rd2 40. Bc3 Rc2 0-1

[Event "Late-Titled-Tuesday-Blitz-June-18-2024"]
[Site "Chess.com"]
[Date "2024.06.18"]
[Round "11"]
[White "kalxandria"]
[Black "Kaustubh_Kodihalli"]
[Result "1/2-1/2"]
[WhiteElo "2262"]
[BlackElo "2376"]
[TimeControl "180+1"]
[EndTime "16:06:49 PDT"]
[Termination "Game drawn by repetition"]

1. e4 c5 2. Nf3 Nc6 3. Bb5 Nd4 4. Bc4 g6 5. c3 Nxf3+ 6. Qxf3 e6 7. d4 cxd4 8. cxd4 Qc7 9. Nd2 Bb4 10. Bb3 Ne7 11. Qf6 Rg8 12. O-O Nc6 13. Nc4 Be7 14. Qf3 Nxd4 15.
Qh3 h5 16. Be3 Nxb3 17. axb3 b5 18. Nb6 Rb8 19. Rfc1 Qb7 20. Rxa7 Qxa7 21. Nxc8 Qb7 22. Nxe7 Kxe7 23. Qh4+ f6 24. e5 g5 25. exf6+ Kxf6 26. Qxh5 Qe4 27. Rd1 d5 28. Bd4+ e5 29. f3 Qe2 30. Rc1 Rbc8 31. Ra1 b4 32. Bf2 d4 33. h4 Rc2 34. Rf1 d3 35. Qh6+ Kf7 36. hxg5 d2 37. Qf6+ Ke8 38. Qe6+ Kf8 39. Qf6+ Ke8 40. Qe6+ Kf8 41.
Qf6+ Ke8 1/2-1/2

[Event "Late-Titled-Tuesday-Blitz-June-18-2024"]
[Site "Chess.com"]
[Date "2024.06.18"]
[Round "11"]
[White "Rainbow2014"]
[Black "rhungaski"]
[Result "0-1"]
[WhiteElo "2503"]
[BlackElo "2616"]
[TimeControl "180+1"]
[EndTime "16:06:51 PDT"]
[Termination "rhungaski won on time"]

1. e4 d6 2. d4 Nf6 3. Nc3 c6 4. a4 Qa5 5. Bd3 e5 6. Ne2 Be7 7. O-O O-O 8. h3 Nbd7 9. Be3 exd4 10. Nxd4 Nc5 11. f4 Ne8 12. Nb3 Nxb3 13. cxb3 Bf6 14. Qc2 Qb4 15. e5 dxe5 16. fxe5 Bxe5 17. Bxh7+ Kh8 18. Ne4 Be6 19. Bf5 Bd4 20. Bxd4 Qxd4+ 21. Kh1 Bd5 22. Ng5 Qh4 23. Nf3 Qh6 24. Be4 Nf6 25.
Bxd5 Nxd5 26. Ne5 Ne3 27. Qf2 Nxf1 28. Rxf1 Qe6 29. Qh4+ Kg8 30. Ng4 f5 31. Nh2 Qe4 32. Qh5 Rae8 33. Nf3 Qe2 34. Rg1 a5 35. Qh4 Re4 36.
Qg5 Qe3 37. Qh5 Qh6 38. Qxh6 gxh6 39. Rd1 Re3 40. Rd7 Rf7 41. Rd8+ Kh7 42. Nd4 Rd3 0-1

[Event "Late-Titled-Tuesday-Blitz-June-18-2024"]
[Site "Chess.com"]
[Date "2024.06.18"]
[Round "11"]
[White "AlexanderMatlak"]
[Black "Chessdreamer2020"]
[Result "1-0"]
[WhiteElo "2465"]
[BlackElo "2547"]
[TimeControl "180+1"]
[EndTime "16:06:51 PDT"]
[Termination "AlexanderMatlak won on time"]

1. c4 d6 2. Nf3 e5 3. Nc3 f5 4. d3 Nf6 5. g3 Be7 6. Bg2 O-O 7. O-O Qe8 8. b4 Qh5 9. b5 f4 10. Nd5 Bd8 11. Nxf6+ Rxf6 12. c5 Bg4 13. Qb3+ Be6 14. Qa4 Nd7 15. cxd6 cxd6 16. Ba3 Rh6 17. gxf4 Bg4 18.
Rfc1 Bxf3 19. Bxf3 Qxh2+ 20. Kf1 Bh4 21. Ke1 Qxf2+ 22.
Kd2 exf4 23. Qe4 Nf6 24. Qe6+ Kh8 25. Rc8+ Rxc8 26. Qxc8+ Ng8 27. Rh1 Qe3+ 28. Kd1 Qe5 29. Kc2 Bf6 30. Rxh6 gxh6 31. Qc4 Ne7 32. Bc1 Nf5 33.
Qc8+ Kg7 34. Qxb7+ Kg6 35. Qe4 Qc3+ 36. Kd1 Be5 37. Bg4 1-0